UNITED STATES SILVER LEAGUE
ROCKY MOUNTAIN BEARS VS CAPITOL DISTRICT TEMPLARS
06/20/2014
 
TOP OF THE 1ST
Capitol District Templars batting - Pitching for Rocky Mountain Bears : RHP Dexter Charles
Pitching: RHP Dexter Charles
Batting: LHB Aaron Givens 0-0: Ball
1-0: Ball
2-0: Called Strike
2-1: Foul Ball, location: 2F
2-2: Foul Ball, location: 2F
2-2: Ball
3-2: Fly out, F9 (Flyball, 89M)
Batting: RHB Harry Fuller 0-0: Foul Ball, location: 2F
0-1: SINGLE (Groundball, 56D)
Batting: LHB Emílio Sáenz 0-0: Ball
1-0: Ball
2-0: Ball
3-0: Fly out, F8 (Line Drive, 8RM)
Batting: LHB Jeff Walsh 0-0: Fly out, F7 (Line Drive, 78D)
Top of the 1st over - 0 run(s), 1 hit(s), 0 error(s), 1 left on base; Capitol District 0 - Rocky Mountain 0
BOTTOM OF THE 1ST
Rocky Mountain Bears batting - Pitching for Capitol District Templars : RHP Joe King
Pitching: RHP Joe King
Batting: RHB Merrill Campbell 0-0: Fly out, F8 (Flyball, 8LD)
Batting: SHB Charles Waller 0-0: Foul Ball, location: 2F
0-1: Ball
1-1: Called Strike
1-2: Ball
2-2: Strikes out swinging
Batting: SHB Jim Morris 0-0: Ball
1-0: Called Strike
1-1: Foul Ball, location: 2F
1-2: SOLO HOME RUN (Flyball, 78XD), Distance : 415 ft
Batting: LHB Tim Walker 0-0: Ball
1-0: Fly out, F8 (Flyball, 8RM)
Bottom of the 1st over - 1 run(s), 1 hit(s), 0 error(s), 0 left on base; Capitol District 0 - Rocky Mountain 1
TOP OF THE 2ND
Capitol District Templars batting - Pitching for Rocky Mountain Bears : RHP Dexter Charles
Batting: RHB Ricardo Cruz 0-0: Ball
1-0: Ball
2-0: Ball
3-0: Called Strike
3-1: Base on Balls
Batting: RHB Juan Torres 0-0: Ball
1-0: Ball
2-0: Grounds into double play, 1-6-3 (Groundball, 13S)
Batting: LHB Cristo Correa 0-0: Called Strike
0-1: Bunted foul
0-2: Foul Ball, location: 2F
0-2: Ball
1-2: Ball
2-2: Ball
3-2: Ground out 1-3 (Groundball, 13S)
Top of the 2nd over - 0 run(s), 0 hit(s), 0 error(s), 0 left on base; Capitol District 0 - Rocky Mountain 1
BOTTOM OF THE 2ND
Rocky Mountain Bears batting - Pitching for Capitol District Templars : RHP Joe King
Batting: RHB Cliff Dixon 0-0: Called Strike
0-1: Foul Ball, location: 2F
0-2: Strikes out swinging
Batting: RHB Jeff Gardner 0-0: Called Strike
0-1: Ball
1-1: Swinging Strike
1-2: Foul Ball, location: 2F
1-2: Fly out, F7 (Flyball, 7M)
Batting: RHB Clement Fields 0-0: Ground out 4-3 (Groundball, 4)
Bottom of the 2nd over - 0 run(s), 0 hit(s), 0 error(s), 0 left on base; Capitol District 0 - Rocky Mountain 1
TOP OF THE 3RD
Capitol District Templars batting - Pitching for Rocky Mountain Bears : RHP Dexter Charles
Batting: RHB Wesley Osborne 0-0: Ball
1-0: Foul Ball, location: 2F
1-1: Swinging Strike
1-2: Ball
2-2: Ground out 5-3 (Groundball, 56S)
Batting: RHB Joe King 0-0: Called Strike
0-1: Called Strike
0-2: Strikes out swinging
Batting: LHB Aaron Givens 0-0: Ball
1-0: Ground out U3 (Groundball, 3)
Top of the 3rd over - 0 run(s), 0 hit(s), 0 error(s), 0 left on base; Capitol District 0 - Rocky Mountain 1
BOTTOM OF THE 3RD
Rocky Mountain Bears batting - Pitching for Capitol District Templars : RHP Joe King
Batting: RHB Alejandro Robles 0-0: Ground out 4-3 (Groundball, 4M)
Batting: RHB Dexter Charles 0-0: Ball
1-0: Fly out, F9 (Flyball, 9M)
Batting: RHB Merrill Campbell 0-0: Called Strike
0-1: Foul Ball, location: 2F
0-2: Strikes out swinging
Bottom of the 3rd over - 0 run(s), 0 hit(s), 0 error(s), 0 left on base; Capitol District 0 - Rocky Mountain 1
TOP OF THE 4TH
Capitol District Templars batting - Pitching for Rocky Mountain Bears : RHP Dexter Charles
Batting: RHB Harry Fuller 0-0: Swinging Strike
0-1: Ball
1-1: Swinging Strike
1-2: Ground out 4-3 (Groundball, 4)
Batting: LHB Emílio Sáenz 0-0: Ball
1-0: Ball
2-0: Ground out 1-3 (Groundball, 15S)
Batting: LHB Jeff Walsh 0-0: Ball
1-0: Ball
2-0: Ball
3-0: Called Strike
3-1: Base on Balls
Batting: RHB Ricardo Cruz 0-0: Called Strike
0-1: Ball
1-1: Ball
2-1: 2-RUN HOME RUN (Flyball, 78XD), Distance : 416 ft
Batting: RHB Juan Torres 0-0: Called Strike
0-1: Foul Ball, location: 2F
0-2: Foul Ball, location: 2F
0-2: Foul Ball, location: 2F
0-2: Foul Ball, location: 2F
0-2: Ball
1-2: Ball
2-2: Strikes out swinging
Top of the 4th over - 2 run(s), 1 hit(s), 0 error(s), 0 left on base; Capitol District 2 - Rocky Mountain 1
BOTTOM OF THE 4TH
Rocky Mountain Bears batting - Pitching for Capitol District Templars : RHP Joe King
Batting: SHB Charles Waller 0-0: Ball
1-0: Ground out 4-3 (Groundball, 4)
Batting: SHB Jim Morris 0-0: Ball
1-0: DOUBLE (Line Drive, 9LS)
Batting: LHB Tim Walker 0-0: Called Strike
0-1: Called Strike
Jim Morris steals 3rd base
0-2: Strikes out swinging
Batting: RHB Cliff Dixon 0-0: Called Strike
0-1: Foul Ball, location: 2F
0-2: Ball
1-2: Ball
2-2: Ball
3-2: Base on Balls
Batting: RHB Jeff Gardner 0-0: Fly out, F9 (Flyball, 9LS)
Bottom of the 4th over - 0 run(s), 1 hit(s), 0 error(s), 2 left on base; Capitol District 2 - Rocky Mountain 1
TOP OF THE 5TH
Capitol District Templars batting - Pitching for Rocky Mountain Bears : RHP Dexter Charles
Batting: LHB Cristo Correa 0-0: Ball
1-0: Bunted foul
Error on foul ball, E9
1-2: Foul Ball, location: 2F
1-2: DOUBLE (Line Drive, 89XD)
Batting: RHB Wesley Osborne 0-0: Swinging Strike
0-1: Ground out 6-3 (Groundball, 6M)
Cristo Correa to third
Batting: RHB Joe King 0-0: Foul Ball, location: 2F
0-1: SINGLE (Line Drive, 34D)
Cristo Correa scores
Batting: LHB Aaron Givens 0-0: Called Strike
0-1: Foul Ball, location: 2F
0-2: Ball
1-2: Fly out, F8 (Flyball, 8LS)
Batting: RHB Harry Fuller 0-0: Called Strike
0-1: Ball
1-1: Swinging Strike
1-2: SINGLE (Groundball, 56D)
Joe King to second
Batting: LHB Emílio Sáenz 0-0: Ball
1-0: Ball
2-0: Ground out 4-3 (Groundball, 4)
Top of the 5th over - 1 run(s), 3 hit(s), 1 error(s), 2 left on base; Capitol District 3 - Rocky Mountain 1
BOTTOM OF THE 5TH
Rocky Mountain Bears batting - Pitching for Capitol District Templars : RHP Joe King
Batting: RHB Clement Fields 0-0: Called Strike
0-1: Swinging Strike
0-2: Ball
1-2: Foul Ball, location: 2F
1-2: Foul Ball, location: 2F
1-2: Strikes out swinging
Batting: RHB Alejandro Robles 0-0: Ball
1-0: Called Strike
1-1: Swinging Strike
1-2: Foul Ball, location: 2F
1-2: Ball
2-2: Ball
3-2: Base on Balls
Batting: RHB Dexter Charles 0-0: Sac Bunt - play at first, batter OUT! 5-4
Alejandro Robles to second
Batting: RHB Merrill Campbell 0-0: Foul Ball, location: 2F
0-1: Called Strike
0-2: Foul Ball, location: 2F
0-2: Ball
1-2: Ball
2-2: Foul Ball, location: 2F
2-2: Foul Ball, location: 2F
2-2: Strikes out swinging
Bottom of the 5th over - 0 run(s), 0 hit(s), 0 error(s), 1 left on base; Capitol District 3 - Rocky Mountain 1
TOP OF THE 6TH
Capitol District Templars batting - Pitching for Rocky Mountain Bears : RHP Dexter Charles
Batting: LHB Jeff Walsh 0-0: SINGLE (Flyball, 89S)
Batting: RHB Ricardo Cruz 0-0: SINGLE (Flyball, 78M)
Jeff Walsh to second
Batting: RHB Juan Torres 0-0: Grounds into double play, 6-4-3 (Groundball, 6)
Jeff Walsh to third
Batting: LHB Cristo Correa 0-0: Ball
1-0: Swinging Strike
1-1: Fly out, F9 (Flyball, 89M)
Top of the 6th over - 0 run(s), 2 hit(s), 0 error(s), 1 left on base; Capitol District 3 - Rocky Mountain 1
BOTTOM OF THE 6TH
Rocky Mountain Bears batting - Pitching for Capitol District Templars : RHP Joe King
Batting: SHB Charles Waller 0-0: Ball
1-0: Ball
2-0: Called Strike
2-1: Fly out, F7 (Flyball, 7M)
Batting: SHB Jim Morris 0-0: Called Strike
0-1: Called Strike
0-2: Ball
1-2: Ball
2-2: Ball
3-2: Foul Ball, location: 2F
3-2: Base on Balls
Batting: LHB Tim Walker 0-0: Called Strike
0-1: Called Strike
0-2: Ball
1-2: Fielders Choice at 2nd, 1-6 (Groundball, 13S)
Batting: RHB Cliff Dixon 0-0: Ball
1-0: Ball
2-0: Ball
3-0: Called Strike
3-1: Base on Balls
Tim Walker to second
Batting: RHB Jeff Gardner 0-0: Fielders Choice at 2nd, U6 (Groundball, 6M)
Bottom of the 6th over - 0 run(s), 0 hit(s), 0 error(s), 2 left on base; Capitol District 3 - Rocky Mountain 1
TOP OF THE 7TH
Capitol District Templars batting - Pitching for Rocky Mountain Bears : RHP Dexter Charles
Batting: RHB Wesley Osborne 0-0: Swinging Strike
0-1: Ball
1-1: Swinging Strike
1-2: Ball
2-2: Ball
3-2: Foul Ball, location: 2F
3-2: Strikes out swinging
Batting: RHB Joe King 0-0: Swinging Strike
0-1: Foul Ball, location: 2F
0-2: Strikes out swinging
Batting: LHB Aaron Givens 0-0: Ball
1-0: Ball
2-0: Ball
3-0: Called Strike
3-1: Fly out, F7 (Flyball, 7M)
Top of the 7th over - 0 run(s), 0 hit(s), 0 error(s), 0 left on base; Capitol District 3 - Rocky Mountain 1
BOTTOM OF THE 7TH
Rocky Mountain Bears batting - Pitching for Capitol District Templars : RHP Joe King
Batting: RHB Clement Fields 0-0: Ball
1-0: Ball
2-0: Fly out, F8 (Flyball, 8RM)
Batting: RHB Alejandro Robles 0-0: Foul Ball, location: 2F
0-1: Foul Ball, location: 2F
0-2: SOLO HOME RUN (Flyball, 9LD), Distance : 339 ft
Pinch Hitting: SHB Vasco Paradela 0-0: Called Strike
0-1: Foul Ball, location: 2F
0-2: DOUBLE (Line Drive, 9LS)
Batting: RHB Merrill Campbell 0-0: Ball
1-0: Ball
Wild Pitch!
Vasco Paradela to third
2-0: Called Strike
2-1: 2-RUN HOME RUN (Line Drive, 7LD), Distance : 372 ft
Batting: SHB Charles Waller 0-0: Ball
1-0: Ball
2-0: Ground out 2-3 (Groundball, 2L)
Batting: SHB Jim Morris 0-0: Foul Ball, location: 2F
0-1: Ball
1-1: Called Strike
1-2: Ball
2-2: Ball
3-2: Base on Balls
Batting: LHB Tim Walker 0-0: Ball
1-0: Foul Ball, location: 2F
1-1: Swinging Strike
1-2: Ball
2-2: Strikes out swinging
Bottom of the 7th over - 3 run(s), 3 hit(s), 0 error(s), 1 left on base; Capitol District 3 - Rocky Mountain 4
TOP OF THE 8TH
Capitol District Templars batting - Pitching for Rocky Mountain Bears : RHP Dexter Charles
Pitching: RHP Dae Yi
Now at C: Dan Finch
Batting: RHB Harry Fuller 0-0: Ball
1-0: Called Strike
1-1: Foul Ball, location: 2F
1-2: Foul Ball, location: 2F
1-2: Ball
2-2: Foul Ball, location: 2F
2-2: Strikes out looking
Pitching: LHP Glaucio Picamilho
Batting: LHB Emílio Sáenz 0-0: Ball
1-0: Foul Ball, location: 2F
1-1: Foul Ball, location: 2F
1-2: Strikes out swinging
Pitching: LHP Rick Payne
Batting: LHB Jeff Walsh 0-0: Ball
1-0: Swinging Strike
1-1: Swinging Strike
1-2: Foul Ball, location: 2F
1-2: Ball
2-2: Ball
3-2: Strikes out looking
Top of the 8th over - 0 run(s), 0 hit(s), 0 error(s), 0 left on base; Capitol District 3 - Rocky Mountain 4
BOTTOM OF THE 8TH
Rocky Mountain Bears batting - Pitching for Capitol District Templars : RHP Joe King
Batting: RHB Dan Finch 0-0: Fly out, F8 (Flyball, 8RM)
Pitching: RHP Kent Shaw
Batting: RHB Jeff Gardner 0-0: Swinging Strike
0-1: Swinging Strike
0-2: Foul Ball, location: 2F
0-2: Ball
1-2: Ball
2-2: Ball
3-2: Strikes out swinging
Batting: RHB Clement Fields 0-0: Swinging Strike
0-1: Ball
1-1: Foul Ball, location: 2F
1-2: Foul Ball, location: 2F
1-2: Ground out 4-3 (Groundball, 13)
Bottom of the 8th over - 0 run(s), 0 hit(s), 0 error(s), 0 left on base; Capitol District 3 - Rocky Mountain 4
TOP OF THE 9TH
Capitol District Templars batting - Pitching for Rocky Mountain Bears : LHP Rick Payne
Pitching: RHP John Dodson
Now at 2B: Mark Melton
Batting: RHB Ricardo Cruz 0-0: Ball
1-0: Foul Ball, location: 2F
1-1: Foul Ball, location: 2F
1-2: Ball
2-2: Foul Ball, location: 2F
2-2: Ball
3-2: Foul Ball, location: 2F
3-2: Foul Ball, location: 2F
3-2: Foul Ball, location: 2F
3-2: Foul Ball, location: 2F
3-2: Base on Balls
Pinch Hitting: LHB Roberto Rodríguez 0-0: Ball
1-0: Swinging Strike
1-1: Ball
2-1: Ball
3-1: Foul Ball, location: 2F
3-2: Fielders Choice at 2nd, 4-6 (Groundball, 34)
Batting: LHB Cristo Correa 0-0: Called Strike
0-1: Swinging Strike
0-2: Strikes out looking
Batting: RHB Wesley Osborne 0-0: Called Strike
0-1: Ball
1-1: Fielders Choice at 2nd, 5-4 (Groundball, 5)
Top of the 9th over - 0 run(s), 0 hit(s), 0 error(s), 1 left on base; Capitol District 3 - Rocky Mountain 4
This league is powered by Out of the Park Baseball, the baseball management simulation game for PC, Mac and Linux
Thursday, April 24th, 2014 - OOTP Baseball 14.6 Build 33